 Dungeon Sprint DCSS version 0.30-a0-840-ga523dec638 (webtiles) character file.

Game seed: 3086940876401597700

2885 rocky1 the Destroyer (level 10, 0/123 HPs)
             Began as a Human Conjurer on Mar 1, 2023.
             Was a Priest of Cheibriados.
             Slain by an orange demon (11 damage)
             ... in the Dungeon (Sprint VII: "The Pits").
             The game lasted 00:04:53 (1735 turns).

rocky1 the Destroyer (Human Conjurer)               Turns: 1735, Time: 00:04:53

Health: 0/123      AC:  4    Str: 15    XL:     10   Next: 5%
Magic:  18/22      EV: 18    Int: 32    God:    Cheibriados [***...]
Gold:   0          SH:  0    Dex: 19    Spells: 12/26 levels left

rFire   . . .      SeeInvis .    s - +5 scimitar (holy)
rCold   . . .      Faith    .    (no shield)
rNeg    . . .      Spirit   .    k - +0 robe
rPois   .          Reflect  .    (no helmet)
rElec   .          Harm     .    a - +0 cloak
rCorr   .          Rampage  .    e - +0 pair of gloves
Will    .....      NoTele   +    (no boots) Stlth
                                 (no amulet)
HPRegen 0.40/turn                (no ring)
MPRegen 0.18/turn                (no ring)

@: berserking, very slow
A: no striking features
a: Renounce Religion, Bend Time, Temporal Distortion


You were in the Dungeon.
You worshipped Cheibriados.
Cheibriados was most pleased with you.
You visited 1 branch

Inventory:

Hand Weapons
 b - a +2 dagger
 r - a +2 scimitar of flaming
 s - a +5 scimitar of holy wrath (weapon)
Armour
 a - a +0 cloak (worn)
 e - a +0 pair of gloves (worn)
 k - a +0 robe (worn)
 m - a +3 ring mail
Jewellery
 n - a +3 ring of protection
 o - a +3 ring of evasion
Scrolls
 g - a scroll of blinking
 i - 5 scrolls of amnesia
 j - a scroll of summoning
Potions
 c - 9 potions of curing
 d - 10 potions of heal wounds
 f - 3 potions of berserk rage
 h - 2 potions of invisibility
 l - 4 potions of magic
 p - a potion of brilliance
 q - a potion of mutation


   Skills:
 + Level 8.8 Fighting
 + Level 8.9 Long Blades
 + Level 9.4 Dodging
 - Level 2.1 Stealth
 + Level 8.7 Spellcasting
 + Level 10.6 Conjurations
 + Level 9.6 Invocations


You had 12 spell levels left.
You knew the following spells:

 Your Spells              Type           Power      Damage    Failure   Level
a - Magic Dart            Conj           100%       1d8       1%          1
b - Searing Ray           Conj           100%       2d8       1%          2
c - Dazzling Flash        Conj/Hex       96%        N/A       1%          3
d - Iskenderun's Mystic   Conj/Tloc      48%        2d11      3%          4
e - Fulminant Prism       Conj/Hex       24%        3d12      3%          4

Your spell library contained the following spells:

 Spells                   Type           Power      Damage    Failure   Level


Dungeon Overview and Level Annotations

Branches:
Dungeon (1/1)

Altars:
Ashenzari
Cheibriados
Dithmenos
Elyvilon
Fedhas
Gozag
Hepliaklqana
Kikubaaqudgha
Makhleb
Nemelex Xobeh
Okawaru
Qazlal
Ru
Sif Muna
Trog
Uskayaw
Vehumet
Wu Jian
Xom
Yredelemnul
Zin
The Shining One
Jiyva
Lugonu


Message History

The demonic crawler hits you but does no damage.
Your +2 scimitar of flaming stops flaming.
Your +5 scimitar of holy wrath softly glows with a divine radiance!
s - a +5 scimitar of holy wrath (weapon)
The demonic crawler hits you but does no damage.
The demonic crawler closely misses you. The demonic crawler misses you.
The orange demon barely misses you.
Activating: Slouch (2% risk of failure)
Press: ? - help, Dir - look around, f - activate You can feel time thicken for a moment.
You can no longer inflict damage on those overly hasty.
Cheibriados lowers the support of your attributes as your movement quickens.
The demonic crawler barely misses you. The demonic crawler hits you!!
The demonic crawler misses you. The orange demon stings you from afar.
Okay, then.
Unknown command.
The demonic crawler attacks as you move away!
The demonic crawler hits you. The demonic crawler closely misses you.
The demonic crawler barely misses you. The demonic crawler closely misses you.
The demonic crawler hits you! The demonic crawler misses you.
A red film seems to cover your vision as you go berserk!
Cheibriados forces you to slow down.
You feel mighty! The demonic crawler hits you!
* * * LOW HITPOINT WARNING * * *
The demonic crawler barely misses you. The demonic crawler hits you.
* * * LOW HITPOINT WARNING * * *
The demonic crawler closely misses you. x2
The demonic crawler hits you but does no damage.
You hit the demonic crawler but do no damage.
The demonic crawler is lightly wounded.
The orange demon misses you. The demonic crawler hits you.
* * * LOW HITPOINT WARNING * * *
The demonic crawler hits you!
* * * LOW HITPOINT WARNING * * *
The demonic crawler hits you.
* * * LOW HITPOINT WARNING * * *
You hit the demonic crawler.
The demonic crawler convulses.
The demonic crawler is lightly wounded.
The orange demon stings you from afar!
You die...

#####''###### ...##''#
...##..# ...##..#
...##..#### #+# ####
...##..#..#####.##...#
...##..#....##...#...#
...##..'.....#...#4..#
#####..'...).'..@s÷).+
#####..'.....#...#...#
..[##..#....##...#...#
![.##..#..#####.##...#
.))##..#### #+# ####
.).##..# .))##..#
########


You could see a demonic crawler and an orange demon.

Vanquished Creatures
  A daeva (D)
  A hydra (D)
  A jumping spider (D)
  A fire bat (D)
  A redback (D)
  2 floating eyes (D)
  An orc warrior (D)
  A sky beast (D)
  2 centaurs (D)
  A kobold brigand (D)
  2 scorpions (D)
  3 crimson imps (D)
  A jelly (D)
  An iguana (D)
  An orc wizard (D)
  An adder (D)
  A white imp (D)
  An ufetubus (D)
  An adder skeleton (D)
  An orc (D)
  A ball python (D)
  An endoplasm (D)
  A giant cockroach (D)
  A kobold (D)
  A quokka (D)
  A bat (D)
  A goblin (D)
32 creatures vanquished.

Notes
Turn   | Place    | Note
-------+----------+-------------------------------------------
     0 | D        | rocky1 the Human Conjurer began the quest for the Orb.
     0 | D        | Reached XP level 1. HP: 13/13 MP: 3/3
    14 | D        | Reached skill level 5 in Conjurations
    42 | D        | Found a bloodstained altar of Trog.
    42 | D        | Found a shimmering blue altar of Sif Muna.
    42 | D        | Found a viscous altar of Jiyva.
    42 | D        | Found a hazy altar of Hepliaklqana.
    42 | D        | Found an opulent altar of Gozag.
    43 | D        | Found a glowing golden altar of the Shining One.
    43 | D        | Found a glowing silver altar of Zin.
    43 | D        | Found a basalt altar of Yredelemnul.
    43 | D        | Found a shimmering altar of Xom.
    43 | D        | Found an ornate altar of the Wu Jian Council.
    43 | D        | Found a sacrificial altar of Ru.
    43 | D        | Found a stormy altar of Qazlal.
    43 | D        | Found an iron altar of Okawaru.
    43 | D        | Found a sparkling altar of Nemelex Xobeh.
    43 | D        | Found a burning altar of Makhleb.
    43 | D        | Found a blossoming altar of Fedhas.
    43 | D        | Found a white marble altar of Elyvilon.
    43 | D        | Found a shadowy altar of Dithmenos.
    43 | D        | Found a snail-covered altar of Cheibriados.
    45 | D        | Found a radiant altar of Vehumet.
    45 | D        | Found a corrupted altar of Lugonu.
    46 | D        | Found a hide-covered altar of Uskayaw.
    46 | D        | Found an ancient bone altar of Kikubaaqudgha.
    46 | D        | Found a broken altar of Ashenzari.
    54 | D        | Became a worshipper of Cheibriados the Contemplative
    91 | D        | Noticed a floating eye
    93 | D        | Paralysed by a floating eye for 4 turns
   101 | D        | Paralysed by a floating eye for 4 turns
   105 | D        | Killed a floating eye
   106 | D        | Reached skill level 6 in Conjurations
   106 | D        | Reached XP level 2. HP: 24/24 MP: 3/6
   106 | D        | Reached XP level 3. HP: 29/29 MP: 4/8
   106 | D        | Reached XP level 4. HP: 35/35 MP: 4/9
   106 | D        | Reached XP level 5. HP: 41/41 MP: 4/10
   260 | D        | Learned a level 2 spell: Searing Ray
   264 | D        | Learned a level 3 spell: Dazzling Flash
   269 | D        | Learned a level 4 spell: Iskenderun's Mystic Blast
   286 | D        | Reached * piety under Cheibriados
   297 | D        | Reached ** piety under Cheibriados
   329 | D        | Noticed a floating eye
   336 | D        | Reached *** piety under Cheibriados
   391 | D        | Killed a floating eye
   392 | D        | Reached skill level 5 in Dodging
   392 | D        | Reached skill level 7 in Conjurations
   392 | D        | Reached XP level 6. HP: 41/49 MP: 11/13
   475 | D        | Noticed a sky beast
   483 | D        | Killed a sky beast
   484 | D        | Reached skill level 5 in Spellcasting
   484 | D        | Reached skill level 5 in Invocations
   541 | D        | Noticed a fire bat
   549 | D        | Killed a fire bat
   549 | D        | Reached **** piety under Cheibriados
   550 | D        | Reached skill level 5 in Fighting
   550 | D        | Reached skill level 5 in Long Blades
   550 | D        | Reached XP level 7. HP: 42/56 MP: 6/15
   621 | D        | Reached skill level 8 in Conjurations
   624 | D        | Reached ***** piety under Cheibriados
  1077 | D        | Reached XP level 8. HP: 59/65 MP: 11/17
  1110 | D        | Learned a level 4 spell: Fulminant Prism
  1116 | D        | Reached ****** piety under Cheibriados
  1301 | D        | Noticed a jumping spider
  1303 | D        | Killed a jumping spider
  1304 | D        | Reached skill level 9 in Conjurations
  1304 | D        | Reached XP level 9. HP: 72/72 MP: 12/20
  1360 | D        | Noticed a daeva
  1360 | D        | Noticed an eight-headed hydra
  1367 | D        | Killed a daeva
  1367 | D        | Killed an eight-headed hydra
  1368 | D        | Reached skill level 10 in Conjurations
  1368 | D        | Reached XP level 10. HP: 29/82 MP: 4/22
  1728 | D        | Noticed an orange demon
  1728 | D        | Noticed a demonic crawler
  1735 | D        | Slain by an orange demon

Illustrated notes

Levels and vault maps discovered:
D:        pitsprint [storerooms_1, entrance_room_1, metal_vault_1, armoury_2,
          mini_pit_1, grid_room_1, main_hall_1, silver_pit, the_coven_3,
          the_vestibule_1, steel_vault_2, golden_pit, hallway_of_sentries,
          crystal_vault_1, iron_vault_2, final_vault]

Skill      XL: |  1  2  3  4  5  6  7  8  9 |
---------------+----------------------------+-----
Conjurations   | 6 7 8 9 10 | 10.6
Fighting       | 3 4 5 6 7 8 |  8.8
Long Blades    | 3 4 5 6 7 8 |  8.9
Dodging        | 3 5 6 7 8 9 |  9.4
Spellcasting   | 3 4 5 6 7 8 |  8.7
Invocations    | 3 4 6 8 9 |  9.6
Stealth        | |  2.1

Action                     |  1- 3 |  4- 6 |  7- 9 | 10-12 || total
---------------------------+-------+-------+-------+-------++-------
  Melee: Falchion          |     7 |     4 |       |       ||    11
         Long sword        |       |       |    22 |       ||    22
         Scimitar          |       |       |       |     2 ||     2
   Cast: Magic Dart        |     2 |    17 |     1 |       ||    20
         Searing Ray       |       |     2 |     4 |       ||     6
         Iskenderun's Myst |       |       |     3 |       ||     3
 Invoke: Slouch            |       |       |     9 |     1 ||    10
    Use: Potion            |       |       |     1 |     1 ||     2
   Stab: Sleeping          |       |       |     1 |       ||     1
 Armour: Robe              |       |     2 |     3 |     3 ||     8
  Dodge: Dodged            |       |     8 |    21 |    16 ||    45

Table legend: (Time is in decaauts)
 A = Elapsed time spent in this place.
 B = Non-inter-level travel time spent in this place.
 C = Inter-level travel time spent in this place.
 D = Time resting spent in this place.
 E = Time spent auto-exploring this place.
 F = Levels seen in this place.
 G = Mean time per level.
                   A        B        C        D        E       F      G
               +--------+--------+--------+--------+--------+-----+--------+
         Total |   1907 |   1781 |    126 |   1296 |      0 |   1 | 1907.0 |
       Dungeon |   1907 |   1781 |    126 |   1296 |      0 |   1 | 1907.0 |
               +--------+--------+--------+--------+--------+-----+--------+

Top non-repeatable levels by time:
       D: 1907 daAuts
